 Dungeon Crawl Stone Soup version 0.28.0-53-g5a82cb258f (webtiles) character file.

Game seed: 4282657785078908580

37 Doot the Skirmisher (level 3, 0/29 HPs)
             Began as a Mummy Abyssal Knight on July 3, 2022.
             Was a Believer of Lugonu.
             Slain by a goblin
             ... wielding a +0 dagger
             ... led by Robin
              (5 damage)
             ... on level 2 of the Dungeon.
             The game lasted 00:01:29 (1345 turns).

Doot the Skirmisher (Mummy Abyssal Knight)          Turns: 1345, Time: 00:01:29

Health: 0/29       AC:  3    Str: 16    XL:     3   Next: 23%
Magic:  4/4        EV: 11    Int:  9    God:    Lugonu [**....]
Gold:   68         SH:  0    Dex: 14    Spells: 2/2 levels left

rFire   . . .      SeeInvis .   a - +1 spear
rCold   . . .      Faith    .   (no shield)
rNeg    + + +      Spirit   .   d - +0 leather armour
rPois   ∞          Reflect  .   (no helmet)
rElec   .          Harm     .   (no cloak)
rCorr   .          Rampage  .   (no gloves)
Will    .....                   (no boots)
Stlth   +.........              (no amulet)
HPRegen 0.09/turn               h - ring of fire
MPRegen 0.09/turn               (no ring)

@: no status effects
A: cold resistance 1, negative energy resistance 3, torment resistance 2, heat
vulnerability 1, no potions
a: Renounce Religion, Depart the Abyss, Bend Space


You were on level 2 of the Dungeon.
You worshipped Lugonu.
Lugonu was pleased with you.
You visited 1 branch of the dungeon, and saw 2 of its levels.
You visited the Abyss 1 time.

You collected 68 gold pieces.

Inventory:

Hand Weapons
 a - a +1 spear (weapon)
Armour
 b - a +0 leather armour
 d - a +0 leather armour (worn)
Jewellery
 h - a ring of fire (left hand)
Scrolls
 c - a scroll of identify {unknown}
 e - a scroll of vulnerability {unknown}
 f - 2 scrolls of enchant armour {unknown}
 g - a scroll of teleportation {unknown}


   Skills:
 + Level 3.3 Fighting
 + Level 2.1 Polearms
 + Level 2.0 Armour
 + Level 0.7 Dodging
 + Level 0.1 Stealth
 * Level 2.0 Invocations


You had 2 spell levels left.
You didn't know any spells.
Your spell library was empty.

Dungeon Overview and Level Annotations

Branches:
Dungeon (2/15)

Altars:

Annotations:
D:2 Robin


Innate Abilities, Weirdness & Mutations

You are immune to poison.
Your flesh is cold resistant. (rC+)
You are immune to negative energy. (rN+++)
You are immune to unholy pain and torment.
You are vulnerable to heat. (rF-)
You do not drink.


Message History

No target in view!
No target in view!
You reach to attack!
You hit the goblin.
You kill the goblin!
Lugonu accepts your kill.
You reach to attack!
You hit the goblin.
You kill the goblin!
Lugonu accepts your kill.
You reach to attack!
You hit the goblin.
The goblin is moderately wounded.
You puncture the goblin!
You kill the goblin!
Lugonu accepts your kill.
You reach to attack!
You barely miss the goblin. You barely miss the goblin.
The goblin no longer looks unusually strong.
The goblin hits you with a +0 dagger. The goblin hits you with a +0 dagger.
Robin roars a battlecry!
The goblins go into a battle-frenzy!
Robin roars a battlecry!
The goblin goes into a battle-frenzy!
Robin throws the goblin at you!
You hit the goblin.
The goblin is heavily wounded.
The goblin hits you with a +0 club. The goblin hits you with a +0 dagger.
You closely miss the goblin.
The goblin is heavily wounded.
The goblin hits you with a +0 club. The goblin closely misses you.
You hit the goblin.
You kill the goblin!
Lugonu accepts your kill.
Robin roars a battlecry!
The goblin hits you with a +0 dagger.
* * * LOW HITPOINT WARNING * * *
You hear a shout!
Your Invocations skill increases to level 2!
You see here a +0 club.
Robin throws the goblin at you! The goblin hits you with a +0 dagger.
You die...

########## #### #g@.......
...# #)#########.# ##.# #g#
#.# ##.## ##g## #.# #...####
##.gg## #.# .......#
###.#g#.### #.#
#...##.####.........# #.#
##..##......#.#.#.#.# #.#
##.##########...#..#####.#####


You could see Robin, a hobgoblin (strong) and 3 goblins.

Vanquished Creatures
  4 endoplasms (D:1)
  6 giant cockroaches
  6 goblins
  A hobgoblin (D:1)
  2 quokkas (D:1)
  2 ball pythons (D:1)
  5 bats (D:1)
  2 frilled lizards
  2 kobolds (D:1)
  3 rats (D:1)
33 creatures vanquished.

Notes
Turn   | Place    | Note
-------+----------+-------------------------------------------
     0 | Abyss:1  | Doot the Mummy Abyssal Knight began the quest for the Orb.
     0 | Abyss:1  | Reached XP level 1. HP: 18/18 MP: 2/2
    24 | D:1      | Escaped the Abyss
   338 | D:1      | Reached XP level 2. HP: 24/24 MP: 3/3
   548 | D:1      | Reached ** piety under Lugonu
  1100 | D:1      | Reached XP level 3. HP: 29/29 MP: 4/4
  1310 | D:2      | Noticed Robin
  1345 | D:2      | Slain by a goblin

Illustrated notes

Levels and vault maps discovered:
D:1:      dpeg_arrival_central, layout_basic, serial_forest,
          infiniplex_forest_lined_3, infiniplex_forest_clump_curved,
          infiniplex_forest_straight_2, infiniplex_forest_lined_2,
          infiniplex_forest_straight_2, infiniplex_forest_corner_1,
          infiniplex_forest_end_1, infiniplex_forest_straight_4
D:2:      layout_loops_ring, basic_altar, grunt_decor_junction, uniq_robin,
          uniq_sigmund

Skill      XL: |  1  2  3 |
---------------+----------+-----
Polearms       | 2 |  2.1
Armour         | 2 |  2.0
Invocations    | 2 |  2.0
Fighting       | |  3.3
Dodging        | |  0.7
Stealth        | |  0.1

Action                   || total
-------------------------++-------
Melee: Spear             ||    91
       Punch             ||     2
 Stab: Sleeping          ||     3
Armor: Leather armour    ||    24
Dodge: Dodged            ||    30
